 Dungeon Crawl Stone Soup version 0.29.1-13-g9f3cf754e1 (webtiles) character file.

Game seed: 15955726766437500741

240 nshep25 the Covered (level 5, -2/47 HPs)
             Began as a Minotaur Fighter on Jan 27, 2023.
             Was a Follower of Lugonu.
             Killed by divine providence
             ... invoked by an orc priest
              (12 damage)
             ... on level 4 of the Dungeon.
             The game lasted 00:06:16 (3054 turns).

nshep25 the Covered (Minotaur Fighter)              Turns: 3054, Time: 00:06:16

Health: -2/47      AC: 14    Str: 23      XL:     5   Next: 79%
Magic:  4/4        EV:  7    Int:  4 (5)  God:    Lugonu [*.....]
Gold:   246        SH:  5    Dex: 11      Spells: 4/4 levels left

rFire   . . .      SeeInvis .   r - +0 broad axe
rCold   x . .      Faith    .   c - +0 buckler
rNeg    . . .      Spirit   .   u - +5 chain mail "Wuos" {+Blink rC- Will+ Dex+2}
rPois   .          Reflect  .   (helmet restricted)
rElec   .          Harm     .   (no cloak)
rCorr   .          Rampage  .   (no gloves)
Will    +....                   (no boots)
Stlth   ..........              (no amulet)
HPRegen 0.15/turn               (no ring)
MPRegen 0.09/turn               (no ring)

@: lethally poisoned (-2 -> -15), unable to read
A: horns 2, retaliatory headbutt, [deterioration 1], [inability to read after
injury 2]
a: Renounce Religion, Evoke Blink, Depart the Abyss


You were on level 4 of the Dungeon.
You worshipped Lugonu.
Lugonu was aware of your devotion.
You visited 1 branch of the dungeon, and saw 4 of its levels.
You visited the Abyss 1 time.

You collected 246 gold pieces.

Inventory:

Hand Weapons
 a - a +0 war axe
 r - a +0 broad axe (weapon)
Armour
 b - a +0 scale mail
 c - a +0 buckler (worn)
 u - the +5 chain mail "Wuos" (worn) {+Blink rC- Will+ Dex+2}
   (You found it on level 3 of the Dungeon)

   Dex:       It affects your dexterity (+2).
   rC:        It makes you vulnerable to cold.
   +Blink:    It lets you blink.
   Will:      It increases your willpower.
 z - a +0 chain mail of positive energy
Jewellery
 t - an amulet of magic regeneration
Wands
 v - a wand of flame (2)
Scrolls
 e - a scroll of poison {unknown}
 f - 2 scrolls of enchant weapon {unknown}
 g - 5 scrolls of identify {unknown}
 h - 2 scrolls of magic mapping {unknown}
 l - a scroll of enchant armour {unknown}
 o - a scroll of amnesia {unknown}
 p - a scroll of summoning {unknown}
 w - a scroll of butterflies {unknown}
 x - a scroll of fear {unknown}
 y - a scroll of teleportation {unknown}
Potions
 d - a potion of might
 i - a potion of berserk rage {unknown}
 j - a potion of ambrosia {unknown}
 k - a potion of mutation {unknown}
 m - a potion of cancellation {unknown}
 n - a potion of curing {unknown}
 q - 2 potions of haste {unknown}
 s - a potion of attraction {unknown}


   Skills:
 + Level 4.4 Fighting
 + Level 5.0 Axes
 + Level 5.3 Armour
 + Level 0.5 Dodging
 + Level 0.2 Stealth
 + Level 4.4 Shields


You had 4 spell levels left.
You didn't know any spells.
Your spell library contained the following spells:

 Spells                   Type           Power      Damage    Failure   Level
 Beastly Appendage        Tmut           0%         N/A       99%         1
 Wereblood                Tmut           0%         N/A       100%        2
 Dazzling Flash           Conj/Hex       0%         N/A       100%        3
 Spider Form              Tmut/Pois      0%         N/A       100%        3
 Iskenderun's Mystic Bla  Conj/Tloc      0%         2d3       100%        4
 Olgreb's Toxic Radiance  Pois           0%         N/A       100%        4
 Starburst                Conj/Fire      0%         6d3       100%        6
 Ozocubu's Refrigeration  Ice            0%         4d7       100%        7
 Ignition                 Fire           0%         3d3       100%        8


Dungeon Overview and Level Annotations

Branches:
Dungeon (4/15)
 Temple: D:4-7

Altars:


Innate Abilities, Weirdness & Mutations

You have a pair of horns on your head.
You reflexively headbutt those who attack you in melee.
[Your body sometimes deteriorates upon taking damage.]
[You sometimes lose the ability to read scrolls when taking damage.]


Message History

You headbutt the orc wizard.
The orc priest hits you but does no damage.
You feel the corruption within you wane somewhat.
You feel a little healthier.
Your Axes skill increases to level 5!
You closely miss the orc wizard.
The orc wizard is moderately wounded.
You hit the orc priest. You block the orc wizard's attack.
The orc priest calls upon Beogh to heal the orc wizard.
The orc wizard's wounds heal themselves!
The orc wizard hits you but does no damage.
The orc priest hits you but does no damage.
You are poisoned.
You closely miss the orc wizard. You hit the orc priest.
You feel very sick.
The orc wizard points at you and mumbles some strange words.
You resist with almost no effort.
The orc priest calls down the wrath of Beogh upon you.
Beogh smites you!
Your body deteriorates!
You feel dopey.
You closely miss the orc wizard. You headbutt the orc wizard.
The orc wizard is lightly wounded.
You hit the orc priest but do no damage.
You feel sick. You block the orc wizard's attack.
The orc priest invokes the aid of Beogh against you.
Beogh smites you!
You feel threatened and lose the ability to read scrolls!
The orc wizard hits you but does no damage.
The orc priest hits you with a +1 dagger of venom.
* * * LOW HITPOINT WARNING * * *
You are lethally poisoned!
You barely miss the orc priest.
The orc priest is heavily wounded.
You slash the orc wizard!
* * * LOW HITPOINT WARNING * * *
You feel very sick. The orc wizard barely misses you.
The orc priest mumbles some strange prayers to Beogh against you.
Beogh smites you!
You die...

♣...........'.. #.#!.
♣.≈≈≈≈≈≈≈≈.♣##. .#..#
♣.≈......≈.♣##. ....
♣.≈.≈≈≈≈.≈.♣#.. ####...
♣.≈.≈#)≈.≈.♣#.. .......
♣.≈.≈≈.≈.≈.♣#.> .......
♣.≈....≈.≈.♣#.#
......)##♣.≈≈≈≈≈≈.≈.♣##
#....o@'.........
>.....o##♣♣♣♣♣♣♣♣♣
##.#... #... #... ##..
... #..


You could see an orc priest and an orc wizard.

Vanquished Creatures
  An ogre (D:3)
  A howler monkey (D:4)
  An orc priest (D:4)
  An adder (D:3)
  3 worms
  2 dart slugs
  3 orcs
  7 ball pythons
  An endoplasm (D:1)
  2 giant cockroaches
  6 goblins
  5 hobgoblins
  6 jackals
  5 kobolds
  4 quokkas
  6 bats
  2 frilled lizards (D:1)
  5 rats
61 creatures vanquished.

Notes
Turn   | Place    | Note
-------+----------+-------------------------------------------
     0 | D:1      | nshep25 the Minotaur Fighter began the quest for the Orb.
     0 | D:1      | Reached XP level 1. HP: 19/19 MP: 0/0
   171 | D:1      | Found a faded altar of an unknown god.
   227 | D:1      | Reached XP level 2. HP: 27/27 MP: 1/1
   622 | D:1      | You fall into a shaft and drop 1 floor!
   645 | D:2      | Reached XP level 3. HP: 30/33 MP: 2/2
  1322 | Abyss:1  | Cast into level 1 of the Abyss (goblin)
  1324 | Abyss:1  | Found a corrupted altar of Lugonu.
  1354 | Abyss:1  | Noticed a wretched star
  1360 | Abyss:1  | Became a worshipper of Lugonu the Unformed
  1360 | Abyss:1  | Reached * piety under Lugonu
  1361 | D:2      | Escaped the Abyss
  1929 | D:3      | Identified the +5 chain mail "Wuos" {+Blink rC- Will+
                  | Dex+2}
  2219 | D:3      | Noticed an ogre
  2229 | D:3      | Killed an ogre
  2230 | D:3      | Reached XP level 4. HP: 13/40 MP: 3/3
  2230 | D:3      | Reached XP level 5. HP: 15/46 MP: 4/4
  2772 | D:3      | Identified the +8 short sword of Lezyigg {vorpal, rCorr}
  2856 | D:3      | Reached skill level 5 in Armour
  3051 | D:4      | Reached skill level 5 in Axes
  3054 | D:4      | Killed from afar by an orc priest

Illustrated notes

Levels and vault maps discovered:
D:1:      mrwooster_arrival_statue_3, layout_basic,
          hellmonk_ecumenical_altar_blasted
D:2:      layout_rooms, hex_large, minmay_vboxes
D:3:      layout_loops_ring
D:4:      layout_basic, nicolae_ossuary_entry_false_entrances,
          kennysheep_small_spiral, minmay_pentangle, uniq_duvessa

Skill      XL: |  1  2  3  4  5 |
---------------+----------------+-----
Shields        | 4 |  4.4
Fighting       | 4 |  4.4
Axes           | 3 4 5 |  5.0
Armour         | 4 5 |  5.3
Dodging        | |  0.5
Stealth        | |  0.2

Action                   |  1- 3 |  4- 6 || total
-------------------------+-------+-------++-------
Melee: War axe           |    69 |       ||    69
       Headbutt          |    11 |     5 ||    16
       Broad axe         |    40 |    35 ||    75
Invok: Depart the Abyss  |     1 |       ||     1
Armor: Scale mail        |    48 |       ||    48
       Chain mail        |    14 |    21 ||    35
Dodge: Dodged            |    48 |    14 ||    62
Block: Buckler           |    27 |     6 ||    33
